 Dungeon Crawl Stone Soup version 0.20.1-1-g8b1a95d (webtiles) character file.

271 karf the Gusty (level 6, -8/32 HPs)
             Began as a Tengu Air Elementalist on Oct 29, 2017.
             Killed from afar by Pikel (21 damage)
             ... with a wand of acid (?/15)
             ... on level 4 of the Dungeon.
             The game lasted 00:12:30 (2906 turns).

karf the Gusty (Tengu Air Elementalist)             Turns: 2906, Time: 00:12:31

Health: -8/32      AC: -2    Str: 12    XL:     6   Next: 23%
Magic:  5/11       EV: 16    Int: 17    God:
Gold:   120        SH:  0    Dex: 15    Spells: 9/10 levels left

rFire    . . .     SeeInvis .   f - +1 dagger
rCold    . . .     Gourm    .   (no shield)
rNeg     . . .     Faith    .   m - +0 robe {MR+}
rPois    .         Spirit   .   (helmet restricted)
rElec    .         Reflect  .   (no cloak)
rCorr    .         Harm     .   (no gloves)
MR       +....                  (boots unavailable)
Stlth    ++........             (no amulet)
Regen    0.1/turn               d - +4 ring of strength
MPRegen  0.2/turn               r - +3 ring of evasion

@: corroded
A: beak, talons 3, able to fly 1
a: Fly


You were on level 4 of the Dungeon.
You were hungry.

You visited 1 branch of the dungeon, and saw 4 of its levels.

You collected 120 gold pieces.

Inventory:

Hand Weapons
 f - a +1 dagger (weapon)
Armour
 m - a +0 robe of magic resistance (worn)
 p - a +1 robe of cold resistance
Jewellery
 d - a +4 ring of strength (left hand)
 r - a +3 ring of evasion (right hand)
 s - an uncursed ring of fire {unknown}
Scrolls
 a - 4 scrolls of identify
 n - 2 scrolls of amnesia
Potions
 e - a potion of resistance {unknown}
 i - 3 potions of heal wounds {unknown}
 j - a potion of degeneration {unknown}
 k - a potion of haste {unknown}
 l - a potion of might {unknown}
 o - a potion of lignification {unknown}
 q - a potion of invisibility {unknown}
Books
 b - a book of Air

   Spells                             Type                      Level
   a - Shock                          Conjuration/Air              1
   b - Swiftness                      Charms/Air                   2
   c - Static Discharge               Conjuration/Air              3
   d - Airstrike                      Air                          4
   e - Lightning Bolt                 Conjuration/Air              5
Comestibles
 c - a bread ration
 g - a royal jelly
 h - 4 meat rations


   Skills:
 + Level 3.2 Dodging
 + Level 3.2 Stealth
 + Level 2.9 Spellcasting
 * Level 4.2 Conjurations
 + Level 5.7 Air Magic


You had 9 spell levels left.
You knew the following spells:

 Your Spells              Type           Power        Failure   Level  Hunger
a - Shock                 Conj/Air       ###.         2%          1    None


Dungeon Overview and Level Annotations

Branches:
Dungeon (4/15)
 Temple: D:4-7

Altars:
Dithmenos
Elyvilon
Hepliaklqana
Ru
Sif Muna
Trog
Xom
Yredelemnul
Zin
The Shining One

Annotations:
D:4 Pikel


Innate Abilities, Weirdness & Mutations

You have a beak for a mouth.
You have claws for feet.
You can fly.


Message History

You are splashed with acid!
The acid burns!
It is a wand of acid (?/15).
Casting: Shock
Confirm with . or Enter, or press ? or * to list all spells.
Aiming: Shock
Press: ? - help, Shift-Dir - straight line The zap hits Pikel.
Pikel is heavily wounded.
The zap misses Pikel.
The zap hits the slave.
The slave is heavily wounded.
Pikel closely misses you.
You are feeling hungry.
Pikel says, "Slavery isn't that bad."
Casting: Shock
Confirm with . or Enter, or press ? or * to list all spells.
Aiming: Shock
Press: ? - help, Shift-Dir - straight line
Okay, then.
Pikel zaps a wand.
The bolt of acid hits you!
Ouch! That really hurt!
You die...

#.....# .#
#.....# p.
#.....# p#
#.....### .#
#.......#
####p#
####'##.#
#.p..#
#.##.#####K####
#.#..#...#.#
####.#<##.#.#@#
#<...#....#...#
###############


You could see Pikel and a slave.

Vanquished Creatures
  An orc priest (D:3)
  3 orc wizards (D:3)
  Jessica (D:2)
  Terence (D:2)
  5 adders
  A worm (D:2)
  2 dart slugs (D:1)
  3 leopard geckos
  4 orcs (D:3)
  3 giant cockroaches
  3 hobgoblins
  11 kobolds
  8 bats
  A frilled lizard (D:2)
  7 goblins
  4 rats
58 creatures vanquished.

Notes
Turn   | Place    | Note
-------+----------+-------------------------------------------
     0 | D:1      | karf the Tengu Air Elementalist began the quest for the Orb.
     0 | D:1      | Reached XP level 1. HP: 10/10 MP: 4/4
   154 | D:1      | Reached XP level 2. HP: 14/15 MP: 1/6
   669 | D:1      | Reached XP level 3. HP: 19/19 MP: 2/7
  1402 | D:2      | Reached skill level 5 in Air Magic
  1529 | D:2      | Reached XP level 4. HP: 22/24 MP: 4/8
  1630 | D:2      | Noticed Jessica
  1632 | D:2      | Killed Jessica
  1992 | D:2      | Noticed Terence
  2031 | D:2      | Killed Terence
  2031 | D:2      | Gained mutation: You can fly. [Tengu growth]
  2031 | D:2      | Reached XP level 5. HP: 13/28 MP: 3/10
  2521 | D:3      | Found a glowing silver altar of Zin.
  2526 | D:3      | Found a deep blue altar of Sif Muna.
  2527 | D:3      | Found a glowing golden altar of the Shining One.
  2528 | D:3      | Found a basalt altar of Yredelemnul.
  2528 | D:3      | Found a white marble altar of Elyvilon.
  2528 | D:3      | Found a hazy altar of Hepliaklqana.
  2528 | D:3      | Found a sacrificial altar of Ru.
  2530 | D:3      | Found a bloodstained altar of Trog.
  2532 | D:3      | Found a shadowy altar of Dithmenos.
  2534 | D:3      | Found a shimmering altar of Xom.
  2693 | D:3      | Reached XP level 6. HP: 32/32 MP: 7/11
  2895 | D:4      | Noticed a slave
  2895 | D:4      | Noticed a slave
  2896 | D:4      | Noticed Pikel
  2896 | D:4      | Noticed a slave
  2899 | D:4      | Noticed a slave
  2906 | D:4      | Killed from afar by Pikel

Skill      XL: |  1  2  3  4  5 |
---------------+----------------+-----
Conjurations   | 2 3 4 |  4.2
Air Magic      | 5 |  5.7
Dodging        | 3 |  3.2
Stealth        | 3 |  3.2
Spellcasting   | |  2.9

Action                   |  1- 3 |  4- 6 || total
-------------------------+-------+-------++-------
Melee: Dagger            |    32 |    12 ||    44
       Kick              |     7 |     4 ||    11
       Peck              |     5 |     1 ||     6
 Cast: Shock             |    71 |    67 ||   138
  Use: Scroll            |     4 |     2 ||     6
  Eat: Chunk             |     3 |     4 ||     7
Armor: Robe              |     9 |     2 ||    11
Dodge: Dodged            |    33 |    11 ||    44
